 Dungeon Crawl Stone Soup version 0.24.1-8-ga250c9d538 (webtiles) character file.

Game seed: 4409748117312370506, levelgen mode: deterministic

99 Hugehornet the Changer (level 4, -1/28 HPs)
             Began as an Octopode Transmuter on May 3, 2020.
             Slain by Ijyb (3 damage)
             ... on level 3 of the Dungeon.
             The game lasted 00:05:19 (3163 turns).

Hugehornet the Changer (Octopode Transmuter)        Turns: 3163, Time: 00:05:20

Health: -1/28      AC:  2    Str:  9    XL:     4   Next: 72%
Magic:  2/7        EV: 19    Int: 16    God:
Gold:   131        SH:  0    Dex: 17    Spells: 1/7 levels left

rFire    . . .     SeeInvis .     - Unarmed
rCold    . . .     Gourm    .   (shield currently unavailable)
rNeg     . . .     Faith    .   (helmet currently unavailable)
rPois    x         Spirit   .   (no amulet)
rElec    .         Reflect  .   (no ring)
rCorr    .         Harm     .   (no ring)
MR       .....                  (no ring)
Stlth    ++........             (no ring)
HPRegen  0.09/turn              (no ring)
MPRegen  0.10/turn              (no ring)
                                (no ring)
                                (no ring)

@: spider-form
A: tiny, almost no armour, stealthy swim, (amphibious), 8 rings, (constrict 8)
a: End Transformation


You were on level 3 of the Dungeon.
You were hungry.
You were a venomous arachnid creature.
You visited 1 branch of the dungeon, and saw 3 of its levels.

You collected 131 gold pieces.

Inventory:

Missiles
 a - 50 arrows
Jewellery
 d - an uncursed amulet of the gourmand {unknown}
 g - an uncursed amulet of guardian spirit {unknown}
Scrolls
 b - 2 scrolls of enchant armour {unknown}
 e - 2 scrolls of random uselessness {unknown}
 h - a scroll of teleportation {unknown}
 i - a scroll of remove curse {unknown}
 l - a scroll of fear {unknown}
 m - 4 scrolls of identify {unknown}
 n - a scroll of blinking {unknown}
 p - 2 scrolls of immolation {unknown}
Potions
 f - a potion of heal wounds {unknown}
 j - 2 potions of lignification {unknown}
 k - 2 potions of mutation {unknown}
 o - 2 potions of degeneration {unknown}
 q - a potion of curing {unknown}
 r - 2 potions of agility {unknown}
 s - 2 potions of resistance {unknown}
Comestibles
 c - 4 rations


   Skills:
 - Level 1.0 Fighting
 - Level 2.0 Dodging
 * Level 3.3 Unarmed Combat
 - Level 2.0 Spellcasting
 * Level 4.3 Transmutations
 + Level 1.0 Poison Magic


You had one spell level left.
You knew the following spells:

 Your Spells              Type           Power        Failure   Level  Hunger
a - Beastly Appendage     Tmut           ###...       12%         1    #......
b - Sticks to Snakes      Tmut           ###.....     16%         2    ###....
c - Spider Form           Tmut/Pois      ##........   41%         3    ###....

Your spell library contained the following spells:

 Spells                   Type           Power        Failure   Level  Hunger
 Ice Form                 Ice/Tmut       #.......     82%         4    #####..
 Blade Hands              Tmut           ###.......   85%         5    ######.


Dungeon Overview and Level Annotations

Branches:
Dungeon (3/15)

Altars:
Elyvilon
Fedhas
Yredelemnul

Annotations:
D:3 Ijyb


Innate Abilities, Weirdness & Mutations

You cannot wear most types of armour.
You are very stealthy in the water. (Stealth+)
((You are amphibious.))
You can wear up to eight rings at the same time.
((You can use your tentacles to constrict eight enemies at once.))
((Your skin changes colour to match your surroundings (Stealth+).))
((Your rubbery body absorbs attacks. (AC +1, EV +1)))


Message History

Your adder bites Ijyb.
Ijyb barely misses your adder.
Your adder closely misses Ijyb.
Ijyb zaps a wand.
The puff of flame misses you.
Your adder misses Ijyb. You hit Ijyb.
Ijyb is lightly wounded.
Ijyb misses you.
Your adder bites Ijyb but does no damage.
You hit Ijyb.
Ijyb is poisoned.
Ijyb is moderately wounded.
Ijyb zaps a wand.
The puff of flame hits you!
Your adder bites Ijyb but does no damage.
You hit Ijyb but do no damage.
Ijyb looks as sick as possible!
Ijyb is moderately wounded.
Your adder barely misses Ijyb.
Ijyb zaps a wand.
The puff of flame hits you!
* * * LOW HITPOINT WARNING * * *
You closely miss Ijyb.
Ijyb is moderately wounded.
Your adder bites Ijyb but does no damage.
Ijyb hits you.
You die...

# #..# .#$..#..
+...# # #.<.
.....### #..)# #
#..##
......[..#...# #
...# ....###.#...#
# #..#
......#.....# #
#..# #.....###.###
# #.....#.#.# #
###.###g..#.# #
##.#...Ss..#.# #
#...##....##.#
###.....##....#
##<....##...####
#....#.##.#.# ##
####.#....##.#.#
.###....#)#####.#.#
..##'##.#...†...#.#
......##..#.......#


You could see Ijyb and a friendly adder.

Vanquished Creatures
  2 adders
  4 worms
  2 dart slugs (D:2)
  3 leopard geckos
  6 orcs (D:3)
  3 giant cockroaches
  5 goblins
  2 hobgoblins (D:3)
  3 jackals (D:3)
  2 quokkas
  2 ball pythons
  8 bats
  3 frilled lizards
  5 kobolds
  8 rats
58 creatures vanquished.

Vanquished Creatures (others)
  4 toadstools (D:1)
4 creatures vanquished.

Grand Total: 62 creatures vanquished

Notes
Turn   | Place    | Note
-------+----------+-------------------------------------------
     0 | D:1      | Hugehornet the Octopode Transmuter began the quest for the
                  | Orb.
     0 | D:1      | Reached XP level 1. HP: 13/13 MP: 3/3
   416 | D:1      | Reached XP level 2. HP: 17/18 MP: 3/5
   718 | D:1      | Reached skill level 3 in Transmutations
  1058 | D:2      | Learned a level 2 spell: Sticks to Snakes
  1100 | D:2      | Reached XP level 3. HP: 10/23 MP: 4/6
  1355 | D:2      | Learned a level 3 spell: Spider Form
  1684 | D:2      | Found a blossoming altar of Fedhas.
  1853 | D:2      | Reached skill level 4 in Transmutations
  2111 | D:3      | Reached XP level 4. HP: 28/28 MP: 5/7
  2857 | D:3      | Found a basalt altar of Yredelemnul.
  2913 | D:3      | Reached skill level 1 in Poison Magic
  3108 | D:3      | Found a white marble altar of Elyvilon.
  3147 | D:3      | Noticed Ijyb
  3163 | D:3      | Slain by Ijyb

Levels and vault maps discovered:
D:1:      ldierk_walled_garden_2, layout_basic
D:2:      layout_loops_ring, first_ration, fedhas_altar_fruit_tree
D:3:      layout_basic, kennysheep_ying_yang, uniq_ijyb

Skill      XL: |  1  2  3  4 |
---------------+-------------+-----
Transmutations | 3 4 |  4.3
Poison Magic   | 1 |  1.0
Fighting       | |  1.0
Dodging        | |  2.0
Unarmed Combat | |  3.3
Spellcasting   | |  2.0

Action                   |  1- 3 |  4- 6 || total
-------------------------+-------+-------++-------
Melee: Unarmed           |    83 |    60 ||   143
       Constrict         |    21 |    16 ||    37
       Kick              |    18 |    16 ||    34
       Tentacles         |    12 |     5 ||    17
 Cast: Beastly Appendage |    31 |    11 ||    42
       Spider Form       |       |     1 ||     1
       Sticks to Snakes  |       |     1 ||     1
 Stab: Sleeping          |     5 |       ||     5
  Eat: Chunk             |     1 |     3 ||     4
       Ration            |     1 |       ||     1
Armor: Skin              |    12 |     6 ||    18
Dodge: Dodged            |    39 |    33 ||    72
